 Dungeon Sprint DCSS version 0.30-a0-847-g17996783a1 (webtiles) character file.

Game seed: 17939357441321560515

371 dialectric the Fighter (level 6, -1/45 HPs)
             Began as a Gargoyle Fighter on Mar 3, 2023.
             Slain by a neqoxec (3 damage)
             ... in the Dungeon (Sprint II: "The Violet Keep of Menkaure").
             The game lasted 00:00:21 (35 turns).

dialectric the Fighter (Gargoyle Fighter)             Turns: 35, Time: 00:00:22

Health: -1/45      AC: 12    Str: 20    XL:     6   Next: 71%
Magic:  5/5        EV: 12    Int:  8    God:
Gold:   0          SH:  0    Dex: 11    Spells: 5/5 levels left

rFire   . . .      SeeInvis .    a - +0 long sword
rCold   . . .      Faith    .    (no shield)
rNeg    + . .      Spirit   .    b - +0 scale mail
rPois   ∞          Reflect  .    (no helmet)
rElec   +          Rampage  .    (no cloak)
rCorr   .          NoTele   +    (no gloves)
Will    .....                    (no boots) Stlth
                                 (no amulet)
HPRegen 0.27/turn                (no ring)
MPRegen 0.09/turn                (no ring)

@: on berserk cooldown, slowed, unable to drink, very slow
A: sickness immunity, AC +4, negative energy resistance 1, electricity
resistance, torment resistance 1, petrification resistance, deterioration 1, low
MP 1, no potion heal 1, inability to drink after injury 1
a: no special abilities


You were in the Dungeon.
You visited 1 branch

Inventory:

Hand Weapons
 a - a +0 long sword (weapon)
Armour
 b - a +0 scale mail (worn)
 c - a +0 buckler
Scrolls
 j - a scroll of blinking
Potions
 d - a potion of might
 e - a potion of curing
 f - a potion of heal wounds
 g - a potion of haste
 h - 2 potions of magic


   Skills:
 + Level 8.9 Fighting
 + Level 5.2 Long Blades
 + Level 8.8 Armour
 * Level 5.7 Dodging
 - Level 3.2 Shields


You had 5 spell levels left.
You didn't know any spells.
Your spell library was empty.

Dungeon Overview and Level Annotations

Branches:
Dungeon (1/1)

Altars:


Innate Abilities, Weirdness & Mutations

You are immune to sickness and miasma.
Your stone body is resilient. (AC +4)
You are immune to poison.
You resist negative energy. (rN+)
You are resistant to electric shocks. (rElec)
You are resistant to unholy torment.
You are immune to petrification.
Your body sometimes deteriorates upon taking damage.
Your magical capacity is low. (-10% MP)
Potions are less effective at restoring your health.
You occasionally lose the ability to drink potions when taking damage.


Message History

You kill the neqoxec!
You feel your intelligence returning.
Your Fighting skill increases to level 8!
Your Long Blades skill increases to level 5!
Your Armour skill increases to level 8!
Your Dodging skill increases to level 5!
Unknown command.
You cannot drink potions in your current state!
Unknown command.
You cannot drink potions in your current state!
Unknown command.
You slash the neqoxec!
The neqoxec is moderately wounded.
The neqoxec hits you!
* * * LOW HITPOINT WARNING * * *
The neqoxec hits you but does no damage.
You hit the neqoxec but do no damage.
The neqoxec is moderately wounded.
The neqoxec hits you but does no damage.
The neqoxec barely misses you.
You miss the neqoxec.
The neqoxec is moderately wounded.
The neqoxec closely misses you. x2
You closely miss the neqoxec.
The neqoxec is moderately wounded.
The neqoxec closely misses you.
You closely miss the neqoxec.
The neqoxec is moderately wounded.
You can drink potions again.
The neqoxec hits you but does no damage.
The neqoxec hits you!
You feel threatened and lose the ability to drink potions!
* * * LOW HITPOINT WARNING * * *
You slash the neqoxec!
The neqoxec is heavily wounded.
The neqoxec hits you but does no damage. x2
You barely miss the neqoxec.
The neqoxec is heavily wounded.
The neqoxec misses you. The neqoxec hits you.
You die...

# #. #+#
#..##.##
#$3@<.+
#.##.##
#. #+# #


You could see a neqoxec.

Vanquished Creatures
  3 neqoxecs (D)
3 creatures vanquished.

Notes
Turn   | Place    | Note
-------+----------+-------------------------------------------
     0 | D        | dialectric the Gargoyle Fighter began the quest for the
                  | Orb.
     0 | D        | Reached XP level 1. HP: 14/14 MP: 1/1
     8 | D        | Noticed a neqoxec
     8 | D        | Noticed a neqoxec
     8 | D        | Noticed a neqoxec
     8 | D        | Noticed a neqoxec
    13 | D        | Killed a neqoxec
    13 | D        | Gained mutation: You occasionally lose the ability to drink
                  | potions when taking damage. [a neqoxec]
    14 | D        | Reached XP level 2. HP: 23/23 MP: 2/2
    14 | D        | Reached XP level 3. HP: 28/28 MP: 3/3
    14 | D        | Reached XP level 4. HP: 32/32 MP: 4/4
    14 | D        | Reached XP level 5. HP: 37/37 MP: 5/5
    18 | D        | Killed a neqoxec
    18 | D        | Gained mutation: Your magical capacity is low. (-10% MP) [a
                  | neqoxec]
    19 | D        | Reached XP level 6. HP: 44/44 MP: 5/5
    25 | D        | Gained mutation: Potions are less effective at restoring
                  | your health. [a neqoxec]
    27 | D        | Gained mutation: Your body sometimes deteriorates upon
                  | taking damage. [a neqoxec]
    28 | D        | Killed a neqoxec
    29 | D        | Reached skill level 5 in Long Blades
    29 | D        | Reached skill level 5 in Dodging
    33 | D        | HP: 1/45 [neqoxec (7)]
    35 | D        | Slain by a neqoxec

Illustrated notes

Levels and vault maps discovered:
D:        the_violet_keep_of_menkaure [sprint2_stairs_cluster_1,
          sprint2_shoproom, sprint2_temple, sprint2_basic_supplies,
          sprint2_obstacle_3, sprint2_obstacle_7, sprint2_obstacle_5,
          sprint2_obstacle_6, sprint2_obstacle_1, sprint2_timed_cluster_1,
          sprint2_smallroom_cluster_1, sprint2_smallroom_final_cluster_1,
          sprint2_transparent_cluster_1, sprint2_second_timed_cluster_1,
          sprint2_sniper_area_1, sprint2_heavy_combat_area_1,
          sprint2_mutation_trap_area_1, sprint2_forest_area_1,
          sprint2_light_combat_area_1, sprint2_behind_water_1,
          sprint2_near_end_vault_1]

Skill      XL: |  1  2  3  4  5  6 |
---------------+-------------------+-----
Fighting       | 6 7 8 |  8.9
Long Blades    | 3 4 5 |  5.2
Armour         | 6 7 8 |  8.8
Dodging        | 3 4 5 |  5.7
Shields        | |  3.2

Action                     |  1- 3 |  4- 6 || total
---------------------------+-------+-------++-------
  Melee: Long sword        |     4 |    22 ||    26
    Use: Potion            |     1 |       ||     1
 Armour: Scale mail        |       |     8 ||     8
  Dodge: Dodged            |     1 |     8 ||     9

Table legend: (Time is in decaauts)
 A = Elapsed time spent in this place.
 B = Non-inter-level travel time spent in this place.
 C = Inter-level travel time spent in this place.
 D = Time resting spent in this place.
 E = Time spent auto-exploring this place.
 F = Levels seen in this place.
 G = Mean time per level.
                   A        B        C        D        E       F      G
               +--------+--------+--------+--------+--------+-----+--------+
         Total |     41 |     41 |      0 |      0 |      0 |   1 |   41.0 |
       Dungeon |     41 |     41 |      0 |      0 |      0 |   1 |   41.0 |
               +--------+--------+--------+--------+--------+-----+--------+

Top non-repeatable levels by time:
       D: 41 daAuts
